 Dungeon Crawl Stone Soup version 0.23.0 (webtiles) character file.

Game seed: 1351397362524199496

7245 Brecoman the Fighter (level 10, -1/109 HPs)
             Began as a Pale Draconian Transmuter on Feb 16, 2019.
             Was an Initiate of Ru.
             Slain by a yak (14 damage)
             ... on level 10 of the Dungeon.
             The game lasted 00:54:35 (13205 turns).

Brecoman the Fighter (Pale Draconian Transmuter)   Turns: 13205, Time: 00:54:36

Health: -1/109     AC:  6    Str: 12    XL:     10   Next: 88%
Magic:  14/21      EV:  9    Int: 18    God:    Ru [......]
Gold:   593        SH:  0    Dex: 11    Spells: 12/24 levels left

rFire    . . .     SeeInvis .     - Unarmed
rCold    + + +     Gourm    .   (shield currently unavailable)
rNeg     . . .     Faith    .   (armour unavailable)
rPois    +         Spirit   .   (helmet currently unavailable)
rElec    .         Reflect  .   (cloak currently unavailable)
rCorr    .         Harm     .   (gloves currently unavailable)
MR       .....                  (boots currently unavailable)
Stlth    +.........             (no amulet)
HPRegen  0.28/turn              B - ring of flight
MPRegen  0.17/turn              w - ring of protection from fire

@: about to teleport, ice-form, drained
A: large, (breathe steam), unfitting armour, AC +7
a: End Transformation, Renounce Religion, Evoke Flight


You were on level 10 of the Dungeon.
You worshipped Ru.
Ru was noncommittal.
You were not hungry.
You were a creature of crystalline ice.
You visited 2 branches of the dungeon, and saw 12 of its levels.

You collected 593 gold pieces.

Inventory:

Missiles
 a - 130 arrows
 b - 306 stones (quivered)
Armour
 q - a +2 shield of cold resistance
 r - a +0 pair of boots (melded)
Jewellery
 e - an uncursed ring of magical power
 w - a ring of protection from fire (right front paw)
 B - a ring of flight (left front paw)
Wands
 l - a wand of random effects (30)
 t - a wand of digging (8)
 y - a wand of paralysis (7)
 C - a wand of acid (6)
 D - a wand of polymorph (9)
 G - a wand of flame (19)
Scrolls
 d - 5 scrolls of amnesia
 g - 4 scrolls of magic mapping
 h - 2 scrolls of teleportation
 i - a scroll of vulnerability {unknown}
 k - 3 scrolls of remove curse
 E - a scroll of brand weapon {unknown}
 F - a scroll of noise {unknown}
Potions
 f - 3 potions of heal wounds
 j - 6 potions of curing
 m - 3 potions of flight
 n - 3 potions of berserk rage
 o - 2 potions of might
 p - 3 potions of brilliance
 s - a potion of mutation
 u - 2 potions of cancellation
 v - a potion of haste {unknown}
 x - a potion of lignification {unknown}
 z - a potion of invisibility
Comestibles
 c - 11 rations
 A - 8 chunks of flesh


   Skills:
 + Level 9.0(8.1) Fighting
 - Level 1.7(1.0) Dodging
 + Level 8.0(7.1) Unarmed Combat
 + Level 7.8(6.9) Spellcasting
 + Level 8.4(7.5) Transmutations
 - Level 5.1(4.2) Ice Magic


You had 12 spell levels left.
You knew the following spells:

 Your Spells              Type           Power        Failure   Level  Hunger
a - Beastly Appendage     Tmut           ####..       1%          1    None
b - Sticks to Snakes      Tmut           ####....     1%          2    None
c - Ice Form              Ice/Tmut       ####....     10%         4    ####...
d - Blade Hands           Tmut           ####......   14%         5    #####..

Your spell library contained the following spells:

 Spells                   Type           Power        Failure   Level  Hunger
 Spider Form              Tmut/Pois      ###.......   7%          3    ##.....


Dungeon Overview and Level Annotations

Branches:
Dungeon (11/15)            Temple (1/1) D:5            Lair (0/6) D:8
    Orc (0/2) D:9

Altars:
Ashenzari
Cheibriados
Dithmenos
Elyvilon
Fedhas
Gozag
Hepliaklqana
Kikubaaqudgha
Makhleb
Nemelex Xobeh
Okawaru
Qazlal
Ru
Sif Muna
Trog
Uskayaw
Vehumet
Wu Jian
Xom
Yredelemnul
Zin
The Shining One

Shops:
D:7 %[![[   D:9 %

Annotations:
D:8 3 runed translucent doors, MisterOstroum's ghost, novice GrFi


Innate Abilities, Weirdness & Mutations

((You can breathe blasts of scalding, opaque steam.))
((Your pale cyan-grey scales are hard. (AC +7)))
You cannot fit into any form of body armour.
((You are cold-blooded and may be slowed by cold attacks.))


Message History

You hit the yak. You freeze the yak.
The yak is almost dead.
The yak misses you. x2; The yak gores you.
Your adder bites the yak.
The bullfrog skeleton hits you. The yak gores you!
You hit the yak. You freeze the yak.
The yak is almost dead.
The yak gores you.
Your adder barely misses the yak.
The yak gores you. The bullfrog skeleton hits you. The yak gores you!
* * * LOW HITPOINT WARNING * * *
The yak gores you but does no damage.
As you read the scroll of teleportation, it crumbles to dust.
You feel strangely unstable.
Your adder closely misses the yak.
The bullfrog skeleton hits you.
* * * LOW HITPOINT WARNING * * *
The yak gores you.
* * * LOW HITPOINT WARNING * * *
The crimson imp blinks!
The yak closely misses you. The yak gores you.
* * * LOW HITPOINT WARNING * * *
The yak gores you!
You die...

......# ......# ......# #
#...5.# # #.....# #
#ยง....# # #YZ...# #
#YY...# # .#########YYS..#
# .............#+# #
..######.....# # #.....# #
#.....#######+######
#...................
#+#......<............
......
..........................


You could see 4 yaks, a crimson imp, a bullfrog skeleton and a friendly adder.

Vanquished Creatures
  Pikel (D:9)
  An ugly thing (D:11)
  Joseph (D:10)
  A troll (D:10)
  Prince Ribbit (D:6)
  A shadow (D:8)
  2 yaks (D:10)
  A hungry ghost (D:7)
  An orc warrior (D:6)
  4 black bears
  3 phantoms (D:9)
  3 ice beasts
  An eye of draining (D:9)
  5 ogres
  A crocodile (D:7)
  A centaur (D:8)
  7 bullfrogs
  A gnoll sergeant (D:6)
  2 scorpions
  A wyvern skeleton (D:8)
  A troll zombie (D:9)
  3 killer bees (D:7)
  14 wights
  A crimson imp (D:5)
  3 bullfrog zombies
  A centaur zombie (D:6)
  4 hounds
  2 jellies
  A quasit (D:7)
  5 orc priests
  8 orc wizards
  A centaur skeleton (D:9)
  3 bullfrog skeletons
  8 worker ants
  7 ogre zombies (D:9)
  12 gnolls
  A howler monkey skeleton (D:4)
  11 adders
  3 shadow imps (D:7)
  An ooze (D:1)
  A dart slug (D:5)
  4 leopard geckos
  30 orcs
  10 bats
  4 giant cockroaches
  6 goblins
  8 hobgoblins
  11 jackals
  11 kobolds
  5 quokkas
  7 frilled lizards
  2 goblin skeletons (D:9)
  3 goblin zombies (D:9)
  A hobgoblin skeleton (D:9)
  A hobgoblin zombie (D:9)
  A jackal skeleton (D:9)
  A leopard gecko skeleton (D:8)
  3 orc skeletons (D:9)
  15 orc zombies (D:9)
  7 rats
260 creatures vanquished.

Vanquished Creatures (collateral kills)
  A two-headed ogre (D:8)
  An ogre (D:4)
  A hound (D:5)
  A jelly (D:5)
  2 worker ants
  An adder (D:3)
  3 worms
  6 orcs
  A bat (D:3)
  A jackal (D:3)
  2 quokkas
20 creatures vanquished.

Grand Total: 280 creatures vanquished

Notes
Turn   | Place    | Note
-------+----------+-------------------------------------------
     0 | D:1      | Brecoman the Draconian Transmuter began the quest for the
                  | Orb.
     0 | D:1      | Reached XP level 1. HP: 16/16 MP: 3/3
   147 | D:1      | Reached XP level 2. HP: 20/23 MP: 3/5
   225 | D:1      | Learned a level 2 spell: Sticks to Snakes
   233 | D:1      | Reached skill level 2 in Fighting
   386 | D:1      | Reached XP level 3. HP: 24/29 MP: 4/6
  1171 | D:2      | Found a faded altar of an unknown god.
  1207 | D:2      | Noticed an ogre
  1230 | D:2      | Killed an ogre
  1230 | D:2      | Reached skill level 3 in Fighting
  1230 | D:2      | Reached XP level 4. HP: 38/38 MP: 2/8
  1236 | D:2      | Learned a level 4 spell: Ice Form
  1440 | D:2      | Reached XP level 5. HP: 45/45 MP: 9/9
  3047 | D:3      | Reached skill level 1 in Ice Magic
  3852 | D:4      | Found a glowing golden altar of the Shining One.
  3916 | D:4      | Noticed an ogre
  3928 | D:4      | Killed an ogre
  3928 | D:4      | Reached XP level 6. HP: 32/52 MP: 5/11
  4589 | D:4      | Found a stormy altar of Qazlal.
  4591 | D:4      | Found a blossoming altar of Fedhas.
  4625 | D:4      | Reached skill level 4 in Fighting
  4975 | D:5      | Entered Level 5 of the Dungeon
  5619 | D:5      | Your scales start taking on a pale cyan-grey colour.
  5619 | D:5      | Reached XP level 7. HP: 57/60 MP: 9/13
  5697 | D:5      | Found a staircase to the Ecumenical Temple.
  6602 | Temple   | Entered the Ecumenical Temple
  6687 | Temple   | Became a worshipper of Ru the Awakened
  6790 | D:6      | Reached skill level 5 in Fighting
  6790 | D:6      | Reached skill level 5 in Transmutations
  6802 | D:6      | Reached XP level 8. HP: 33/68 MP: 15/15
  7081 | D:6      | Reached skill level 5 in Spellcasting
  7094 | D:6      | Found a shimmering altar of Xom.
  7682 | D:6      | Noticed Prince Ribbit
  7692 | D:6      | Killed Prince Ribbit
  7716 | D:6      | Reached skill level 6 in Fighting
  7971 | D:6      | Reached skill level 5 in Ice Magic
  8280 | D:6      | Reached XP level 9. HP: 78/78 MP: 17/17
  8526 | D:7      | Found Runymaqo's Armour Boutique.
  8552 | D:7      | Found a shadowy altar of Dithmenos.
  8631 | D:7      | Found a radiant altar of Vehumet.
  8663 | D:7      | Found Isuwnuos's Antique Armour Emporium.
  8681 | D:7      | Found Tymiapt's Food Shoppe.
  8818 | D:7      | Reached skill level 7 in Fighting
  9126 | D:7      | Found Wioj's Distillery.
  9247 | D:7      | Found a white marble altar of Elyvilon.
  9260 | D:7      | Found Asecs's Antique Armour Emporium.
  9330 | D:7      | Found a snail-covered altar of Cheibriados.
  9504 | D:7      | Found a basalt altar of Yredelemnul.
  9557 | D:7      | Reached skill level 5 in Unarmed Combat
  9662 | D:8      | Found a deep blue altar of Sif Muna.
  9743 | D:8      | Found a burning altar of Makhleb.
 10007 | D:8      | Noticed a two-headed ogre
 10041 | D:8      | Killed a two-headed ogre
 10335 | D:8      | Reached XP level 10. HP: 88/88 MP: 16/20
 10452 | D:8      | Found a runed translucent gate.
 10453 | D:8      | Found a runed translucent gate.
 10454 | D:8      | Found a runed translucent gate.
 10456 | D:8      | Noticed MisterOstroum's ghost (novice GrFi)
 10581 | D:8      | Found a bloodstained altar of Trog.
 10716 | D:8      | You fall through a shaft for 3 floors!
 10721 | D:11     | Reached skill level 8 in Fighting
 10778 | D:11     | Noticed a brown ugly thing
 10786 | D:11     | Killed a brown ugly thing
 10810 | D:10     | Entered Level 10 of the Dungeon
 11026 | D:9      | Found a staircase to the Orcish Mines.
 11750 | D:8      | Found a staircase to the Lair.
 12247 | D:9      | Noticed Pikel
 12256 | D:9      | Killed Pikel
 12281 | D:9      | Found an iron altar of Okawaru.
 12409 | D:9      | Found Darphior's Food Boutique.
 12728 | D:10     | Noticed Joseph
 12738 | D:10     | Killed Joseph
 12975 | D:10     | Learned a level 5 spell: Blade Hands
 13192 | D:10     | Reached skill level 9 in Fighting
 13205 | D:10     | Slain by a yak

Skill      XL: |  1  2  3  4  5  6  7  8  9 10 |
---------------+-------------------------------+-----
Fighting       | 2 3 4 5 6 7 9 |  9.0
Spellcasting   | 3 4 5 6 7 |  7.8
Transmutations | 3 4 5 6 7 8 |  8.4
Ice Magic      | 1 2 3 5 |  5.1
Unarmed Combat | 6 8 |  8.0
Dodging        | |  1.7

Action                   |  1- 3 |  4- 6 |  7- 9 | 10-12 || total
-------------------------+-------+-------+-------+-------++-------
Melee: Unarmed           |   139 |   268 |   378 |   223 ||  1008
       Tailslap          |    12 |    25 |    10 |     3 ||    50
       Kick              |     7 |    15 |       |       ||    22
       Headbutt          |     6 |    22 |    12 |       ||    40
       Punch             |       |     2 |       |     2 ||     4
 Cast: Beastly Appendage |    23 |    41 |    12 |       ||    76
       Sticks to Snakes  |     5 |    34 |    19 |     5 ||    63
       Ice Form          |       |       |    26 |    18 ||    44
       Blade Hands       |       |       |       |     1 ||     1
Invok: Reject Sacrifices |       |       |     1 |       ||     1
 Abil: Breathe Steam     |       |       |     1 |       ||     1
       Evoke Flight      |       |       |     1 |       ||     1
       End Transformatio |       |       |       |     1 ||     1
  Use: Scroll            |       |       |    14 |     5 ||    19
 Stab: Distracted        |       |     1 |       |       ||     1
       Sleeping          |       |     1 |       |       ||     1
  Eat: Chunk             |     1 |    16 |    15 |     9 ||    41
       Ration            |       |       |     2 |     1 ||     3
Armor: Skin              |    35 |   103 |   114 |    95 ||   347
Dodge: Dodged            |   106 |   203 |   197 |   136 ||   642
